[ AOE2 MATCH · #508012704 ]
UnrankedVikings vs Gurjaras
Player's team · WIN
Rival team · LOSS
[ REPLAY ANALYSIS · EXTRACTED FROM THE RECORDED GAME ]
Feudal
9:25
Castle
25:02
Imperial
38:18
| APM avg | 43.5 |
| APM peak | 104 |
| eAPM avg | 20.4 |
| Villagers / military | 120 / 106 |
Focus
⚔️ 39.4% · 🌾 60.6%
Knight ×58 · Berserk ×22 · Spearman ×8 · Trebuchet (Packed) ×6 · Militia ×5 · Monk ×3
Feudal
9:16
Castle
27:33
Imperial
—
| APM avg | 35.8 |
| APM peak | 61 |
| eAPM avg | 19.5 |
| Villagers / military | 152 / 80 |
Focus
⚔️ 29.2% · 🌾 70.8%
Shrivamsha Rider ×31 · Chakram Thrower ×19 · Skirmisher ×10 · Monk ×5 · Petard ×4 · Camel Scout ×4
Match map
Initial resources + every placement click. Lines = walls · curves = elevation contours. ◆ gold · ⬟ stone · ● berries · ✦ relic · ◌ wall gap
Your base· ✓ Closed at 25:02 · 63t walls · 3 gate(s)
农民快跑's base· Open — opponent sealed themselves in
Smoothed initial terrain · ◌ = detected wall gap · hover for details
Inputs per minute
— Ellis - - 农民快跑
Build order — Ellis
First 150 of 390 actions detected
| 0:00 | Queue | Villager (Male) |
| 0:01 | Build | House |
| 0:02 | Build | House |
| 0:08 | Queue | Villager (Male) |
| 0:13 | Queue | Villager (Male) |
| 0:19 | Queue | Villager (Male) |
| 1:22 | Queue | Villager (Male) |
| 1:58 | Queue | Villager (Male) |
| 2:03 | Build | Lumber Camp |
| 2:34 | Queue | Villager (Male) |
| 2:58 | Queue | Villager (Male) |
| 3:23 | Queue | Villager (Male) |
| 3:31 | Build | House |
| 3:48 | Queue | Villager (Male) |
| 4:05 | Queue | Villager (Male) |
| 4:27 | Queue | Villager (Male) |
| 4:31 | Build | Mill |
| 5:01 | Queue | Villager (Male) |
| 5:21 | Queue | Villager (Male) |
| 5:23 | Queue | Villager (Male) |
| 6:08 | Queue | Villager (Male) |
| 6:48 | Research | Loom |
| 7:06 | Build | Barracks |
| 7:07 | Build | House |
| 7:15 | Research | Feudal Age |
| 7:41 | Build | House |
| 7:58 | Build | Mining Camp |
| 8:07 | Queue | Militia |
| 8:07 | Queue | Militia |
| 8:08 | Queue | Militia |
| 8:30 | Queue | Militia |
| 9:07 | Build | Palisade Gate |
| 9:25 | Age | Feudal Age |
| 9:28 | Research | Man-at-Arms (upgrade) |
| 9:29 | Queue | Villager (Male) |
| 9:46 | Research | Double-Bit Axe |
| 9:53 | Build | Palisade Wall |
| 9:55 | Queue | Villager (Male) |
| 10:07 | Build | Mining Camp |
| 10:23 | Build | Palisade Wall |
| 10:31 | Queue | Villager (Male) |
| 10:35 | Build | House |
| 10:46 | Build | Watch Tower |
| 11:07 | Queue | Militia |
| 11:31 | Queue | Villager (Male) |
| 12:00 | Queue | Villager (Male) |
| 12:08 | Build | Watch Tower |
| 12:27 | Queue | Villager (Male) |
| 12:34 | Build | Farm |
| 12:39 | Build | Palisade Wall |
| 12:40 | Build | Palisade Wall |
| 12:46 | Build | Palisade Wall |
| 12:52 | Queue | Villager (Male) |
| 12:54 | Build | House |
| 13:02 | Build | Farm |
| 13:03 | Build | Farm |
| 13:04 | Queue | Villager (Male) |
| 13:28 | Build | Watch Tower |
| 14:14 | Queue | Villager (Male) |
| 14:45 | Build | Blacksmith |
| 14:48 | Queue | Villager (Male) |
| 14:54 | Build | Farm |
| 15:03 | Build | House |
| 15:17 | Build | Palisade Wall |
| 15:21 | Queue | Villager (Male) |
| 15:27 | Build | House |
| 15:34 | Research | Fletching |
| 15:44 | Queue | Villager (Male) |
| 15:47 | Build | House |
| 16:03 | Queue | Villager (Male) |
| 16:25 | Build | Farm |
| 16:42 | Queue | Villager (Male) |
| 16:50 | Queue | Villager (Male) |
| 16:53 | Queue | Villager (Male) |
| 17:23 | Build | Watch Tower |
| 17:25 | Queue | Villager (Male) |
| 17:29 | Build | Palisade Wall |
| 17:33 | Build | Palisade Wall |
| 17:34 | Build | Palisade Wall |
| 17:43 | Build | Farm |
| 17:50 | Build | House |
| 17:53 | Build | Palisade Wall |
| 17:54 | Build | Palisade Wall |
| 18:03 | Queue | Villager (Male) |
| 18:06 | Build | Farm |
| 18:25 | Build | Farm |
| 18:30 | Research | Horse Collar |
| 18:33 | Build | Palisade Wall |
| 18:49 | Queue | Villager (Male) |
| 19:08 | Build | Watch Tower |
| 19:10 | Queue | Villager (Male) |
| 19:34 | Build | Palisade Gate |
| 20:06 | Build | Watch Tower |
| 20:08 | Queue | Villager (Male) |
| 20:11 | Build | Farm |
| 20:34 | Queue | Villager (Male) |
| 20:41 | Build | Lumber Camp |
| 20:43 | Queue | Villager (Male) |
| 20:49 | Build | Palisade Wall |
| 20:59 | Build | Watch Tower |
| 21:05 | Build | Palisade Wall |
| 21:10 | Queue | Villager (Male) |
| 21:35 | Build | Market |
| 21:36 | Queue | Villager (Male) |
| 21:40 | Build | Stone Wall |
| 21:58 | Queue | Villager (Male) |
| 22:22 | Research | Castle Age |
| 22:31 | Build | Palisade Wall |
| 22:49 | Build | Farm |
| 22:50 | Build | Farm |
| 22:52 | Build | Farm |
| 22:53 | Build | Farm |
| 23:17 | Build | Watch Tower |
| 23:36 | Research | Gold Mining |
| 23:54 | Build | Stable |
| 24:07 | Build | Palisade Gate |
| 25:02 | Age | Castle Age |
| 25:04 | Research | Bodkin Arrow |
| 25:04 | Queue | Villager (Male) |
| 25:08 | Build | University |
| 25:10 | Queue | Villager (Male) |
| 25:19 | Build | Farm |
| 25:21 | Queue | Knight |
| 25:40 | Research | Stone Mining |
| 25:41 | Queue | Villager (Male) |
| 25:49 | Build | Farm |
| 26:07 | Research | Guard Tower (upgrade) |
| 26:07 | Research | Guard Tower (upgrade) |
| 26:22 | Queue | Villager (Male) |
| 26:27 | Build | House |
| 26:28 | Build | Palisade Wall |
| 26:32 | Queue | Knight |
| 26:42 | Queue | Knight |
| 26:44 | Build | Farm |
| 26:53 | Build | House |
| 26:55 | Queue | Knight |
| 26:59 | Queue | Villager (Male) |
| 27:20 | Build | Siege Workshop |
| 27:22 | Queue | Villager (Male) |
| 27:51 | Queue | Villager (Male) |
| 28:02 | Queue | Mangonel |
| 28:09 | Queue | Villager (Male) |
| 28:15 | Queue | Villager (Male) |
| 28:21 | Build | Mining Camp |
| 28:24 | Queue | Knight |
| 28:25 | Queue | Villager (Male) |
| 28:34 | Build | Watch Tower |
| 28:48 | Queue | Villager (Male) |
| 28:59 | Queue | Villager (Male) |
| 29:01 | Queue | Villager (Male) |
Build order — 农民快跑
First 150 of 436 actions detected
| 0:01 | Queue | Villager (Male) |
| 0:01 | Queue | Villager (Male) |
| 0:02 | Build | House |
| 0:03 | Build | House |
| 0:04 | Queue | Villager (Male) |
| 0:10 | Queue | Villager (Male) |
| 0:28 | Build | Mill |
| 1:37 | Queue | Villager (Male) |
| 2:02 | Queue | Villager (Male) |
| 2:27 | Queue | Villager (Male) |
| 2:53 | Queue | Villager (Male) |
| 2:59 | Build | House |
| 3:19 | Queue | Villager (Male) |
| 3:45 | Queue | Villager (Male) |
| 3:55 | Queue | Villager (Male) |
| 4:18 | Build | Lumber Camp |
| 4:20 | Queue | Villager (Male) |
| 4:29 | Queue | Villager (Male) |
| 4:45 | Queue | Villager (Male) |
| 5:02 | Queue | Villager (Male) |
| 5:05 | Queue | Villager (Male) |
| 5:26 | Queue | Villager (Male) |
| 5:36 | Queue | Villager (Male) |
| 5:43 | Research | Loom |
| 5:48 | Queue | Villager (Male) |
| 5:48 | Research | Loom |
| 6:30 | Build | House |
| 7:06 | Research | Feudal Age |
| 7:49 | Build | Barracks |
| 7:50 | Build | House |
| 7:57 | Build | House |
| 8:17 | Build | House |
| 8:33 | Build | Palisade Wall |
| 8:37 | Queue | Villager (Male) |
| 8:49 | Build | House |
| 8:51 | Build | Palisade Wall |
| 9:01 | Build | Palisade Wall |
| 9:05 | Build | Palisade Wall |
| 9:11 | Queue | Villager (Male) |
| 9:16 | Age | Feudal Age |
| 9:22 | Research | Double-Bit Axe |
| 9:36 | Build | Archery Range |
| 9:38 | Queue | Villager (Male) |
| 9:45 | Queue | Spearman |
| 10:02 | Build | Farm |
| 10:03 | Build | Farm |
| 10:09 | Queue | Villager (Male) |
| 10:12 | Build | Farm |
| 10:17 | Research | Town Watch |
| 10:19 | Queue | Skirmisher |
| 10:22 | Queue | Villager (Male) |
| 10:30 | Queue | Skirmisher |
| 10:35 | Queue | Villager (Male) |
| 10:47 | Queue | Villager (Male) |
| 10:58 | Queue | Skirmisher |
| 11:11 | Queue | Skirmisher |
| 11:33 | Queue | Villager (Male) |
| 12:04 | Queue | Villager (Male) |
| 12:17 | Build | Mining Camp |
| 12:30 | Queue | Villager (Male) |
| 12:40 | Build | Farm |
| 12:42 | Build | Farm |
| 12:43 | Build | Farm |
| 12:51 | Build | Farm |
| 12:54 | Queue | Villager (Male) |
| 13:11 | Build | Watch Tower |
| 13:17 | Build | Blacksmith |
| 13:25 | Build | Farm |
| 13:53 | Build | Watch Tower |
| 14:04 | Queue | Villager (Male) |
| 14:13 | Research | Fletching |
| 14:56 | Build | Farm |
| 15:09 | Queue | Villager (Male) |
| 15:37 | Queue | Villager (Male) |
| 15:55 | Queue | Villager (Male) |
| 15:58 | Build | Watch Tower |
| 16:15 | Queue | Villager (Male) |
| 16:46 | Queue | Villager (Male) |
| 17:03 | Queue | Villager (Male) |
| 17:08 | Queue | Villager (Male) |
| 17:15 | Build | Farm |
| 17:16 | Build | Farm |
| 17:20 | Build | Farm |
| 17:38 | Queue | Villager (Male) |
| 17:49 | Build | House |
| 17:51 | Build | Farm |
| 17:52 | Build | Farm |
| 18:07 | Build | Farm |
| 18:10 | Build | Farm |
| 18:15 | Queue | Villager (Male) |
| 18:16 | Queue | Skirmisher |
| 18:25 | Build | Watch Tower |
| 18:37 | Queue | Villager (Male) |
| 18:49 | Queue | Villager (Male) |
| 19:05 | Build | Farm |
| 19:08 | Queue | Skirmisher |
| 19:25 | Build | Watch Tower |
| 19:53 | Queue | Villager (Male) |
| 20:04 | Build | Mining Camp |
| 20:07 | Queue | Skirmisher |
| 20:07 | Queue | Villager (Male) |
| 20:10 | Build | House |
| 20:30 | Build | Farm |
| 20:36 | Queue | Villager (Male) |
| 20:48 | Queue | Skirmisher |
| 20:53 | Queue | Villager (Male) |
| 21:00 | Build | Farm |
| 21:01 | Build | Farm |
| 21:22 | Build | Watch Tower |
| 21:29 | Queue | Villager (Male) |
| 21:30 | Build | Farm |
| 22:15 | Queue | Villager (Male) |
| 22:27 | Build | House |
| 22:38 | Build | Farm |
| 23:19 | Queue | Villager (Male) |
| 24:02 | Queue | Villager (Male) |
| 24:18 | Build | Market |
| 24:26 | Build | Farm |
| 24:27 | Build | Farm |
| 24:28 | Queue | Villager (Male) |
| 24:33 | Build | Lumber Camp |
| 24:52 | Research | Castle Age |
| 25:06 | Build | Farm |
| 25:07 | Research | Horse Collar |
| 25:07 | Research | Horse Collar |
| 25:08 | Build | Farm |
| 25:14 | Research | Stone Mining |
| 25:17 | Research | Gold Mining |
| 25:57 | Queue | Villager (Male) |
| 26:08 | Queue | Villager (Male) |
| 26:24 | Queue | Skirmisher |
| 26:25 | Queue | Skirmisher |
| 26:34 | Research | Padded Archer Armor |
| 26:43 | Build | Farm |
| 26:46 | Queue | Spearman |
| 26:46 | Queue | Spearman |
| 26:53 | Build | Stable |
| 26:57 | Build | Palisade Wall |
| 27:05 | Queue | Villager (Male) |
| 27:10 | Research | Forging |
| 27:10 | Research | Forging |
| 27:12 | Build | House |
| 27:28 | Build | Farm |
| 27:30 | Research | Bloodlines |
| 27:33 | Age | Castle Age |
| 27:38 | Research | Husbandry |
| 27:40 | Queue | Camel Scout |
| 27:45 | Queue | Villager (Male) |
| 27:55 | Queue | Villager (Male) |
| 27:55 | Queue | Villager (Male) |
Match timeline
| 7:06 | Ellis · first_building Barracks |
| 7:49 | 农民快跑 · first_building Barracks |
| 8:33 | 农民快跑 · wall_segment Palisade Wall x1 |
| 8:51 | 农民快跑 · wall_segment Palisade Wall x10 |
| 9:01 | 农民快跑 · wall_segment Palisade Wall x1 |
| 9:05 | 农民快跑 · wall_segment Palisade Wall x1 |
| 9:16 | 农民快跑 · age_up feudal |
| 9:25 | Ellis · age_up feudal |
| 9:36 | 农民快跑 · first_building Archery Range |
| 9:53 | Ellis · wall_segment Palisade Wall x1 |
| 10:23 | Ellis · wall_segment Palisade Wall x1 |
| 12:39 | Ellis · wall_segment Palisade Wall x1 |
| 12:40 | Ellis · wall_segment Palisade Wall x1 |
| 12:46 | Ellis · wall_segment Palisade Wall x1 |
| 15:17 | Ellis · wall_segment Palisade Wall x14 |
| 17:29 | Ellis · wall_segment Palisade Wall x3 |
| 17:33 | Ellis · wall_segment Palisade Wall x10 |
| 17:34 | Ellis · wall_segment Palisade Wall x5 |
| 17:53 | Ellis · wall_segment Palisade Wall x1 |
| 17:54 | Ellis · wall_segment Palisade Wall x1 |
| 18:33 | Ellis · wall_segment Palisade Wall x1 |
| 20:49 | Ellis · wall_segment Palisade Wall x5 |
| 21:05 | Ellis · wall_segment Palisade Wall x12 |
| 21:40 | Ellis · wall_segment Stone Wall x2 |
| 22:14 | Ellis · first_market_sell 100 wood |
| 22:17 | Ellis · first_market_buy 100 food |
| 22:31 | Ellis · wall_segment Palisade Wall x5 |
| 23:54 | Ellis · first_building Stable |
| 24:51 | 农民快跑 · first_market_sell 100 food |
| 25:02 | Ellis · age_up castle |
| 26:28 | Ellis · wall_segment Palisade Wall x2 |
| 26:53 | 农民快跑 · first_building Stable |
| 26:57 | 农民快跑 · wall_segment Palisade Wall x1 |
| 27:20 | Ellis · first_building Siege Workshop |
| 27:33 | 农民快跑 · age_up castle |
| 28:39 | 农民快跑 · first_market_buy 100 wood |
| 29:30 | Ellis · first_building Monastery |
| 31:53 | 农民快跑 · first_building Castle |
| 32:32 | Ellis · first_building Castle |
| 36:27 | Ellis · wall_segment Palisade Wall x1 |
| 38:18 | Ellis · age_up imperial |
| 40:49 | 农民快跑 · first_building Siege Workshop |
| 45:52 | 农民快跑 · first_building Monastery |
| 45:56 | Ellis · wall_segment Stone Wall x1 |
| 47:17 | Ellis · wall_segment Palisade Wall x4 |
| 50:39 | Ellis · wall_segment Palisade Wall x4 |
| 52:01 | 农民快跑 · resign |
[ AI ANALYSIS · 1 CREDIT ]
What really happened in this match?
Wolo.gg analyzes every decision: build order, eco, micro, common mistakes by bracket. Personalized analysis on WhatsApp or Discord in 30 seconds.
Civ guide
Vikings
Perfil
Jugador #18015351